 Dungeon Crawl Stone Soup version 0.27-a0-1325-g58a489ad9e (webtiles) character file.

Game seed: 4671302796758376317

137 tilp the Caller (level 5, 0/39 HPs)
             Began as a Barachi Summoner on June 24, 2021.
             Killed from afar by an orc wizard (11 damage)
             ... with a puff of flame
             ... on level 4 of the Dungeon.
             The game lasted 00:06:28 (4411 turns).

tilp the Caller (Barachi Summoner)                  Turns: 4411, Time: 00:06:29

Health: 0/39       AC: 11    Str: 10    XL:     5   Next: 20%
Magic:  3/9        EV: 10    Int: 15    God:
Gold:   71         SH:  0    Dex: 13    Spells: 4/10 levels left

rFire    . . .     SeeInvis .   a - +0 spear
rCold    . . .     Faith    .   (no shield)
rNeg     . . .     Spirit   .   q - +0 ring mail
rPois    .         Reflect  .   (no helmet)
rElec    .         Harm     .   (no cloak)
rCorr    .         Rampage  .   f - +0 pair of gloves
Will     .....                  h - +0 pair of boots
Stlth    +.........             (no amulet)
HPRegen  0.13/turn              r - +4 ring of protection
MPRegen  0.11/turn              (no ring)

@: slow
A: amphibious, slowness 1, strong legs 1, +LOS
a: Hop


You were on level 4 of the Dungeon.
You visited 1 branch of the dungeon, and saw 4 of its levels.

You collected 263 gold pieces.
You spent 192 gold pieces at shops.

Inventory:

Hand Weapons
 a - a +0 spear (weapon)
 p - a +1 short sword
Missiles
 l - 22 poisoned darts (quivered)
Armour
 d - a +0 robe
 f - a +0 pair of gloves (worn)
 h - a +0 pair of boots (worn)
 q - a +0 ring mail (worn)
Jewellery
 r - a +4 ring of protection (left hand)
Wands
 b - a wand of iceblast (9)
Scrolls
 g - a scroll of enchant weapon
 o - 2 scrolls of teleportation
 u - a scroll of identify
Potions
 c - a potion of might
 e - 2 potions of magic
 i - 4 potions of heal wounds
 j - 2 potions of haste {unknown}
 k - a potion of lignification
 m - a potion of mutation
 n - a potion of curing
 s - a potion of resistance {unknown}
 t - a potion of attraction {unknown}


   Skills:
 + Level 2.6 Fighting
 + Level 2.7 Dodging
 + Level 2.3 Stealth
 - Level 3.0 Spellcasting
 - Level 6.0 Summonings


You had 4 spell levels left.
You knew the following spells:

 Your Spells              Type           Power      Damage    Failure   Level
a - Summon Small Mammal   Summ           80%        N/A       4%          1
b - Call Imp              Summ           20%        N/A       7%          2
c - Call Canine Familiar  Summ           20%        N/A       13%         3

Your spell library contained the following spells:

 Spells                   Type           Power      Damage    Failure   Level
 Summon Guardian Golem    Hex/Summ       11%        N/A       41%         3
 Summon Ice Beast         Ice/Summ       11%        N/A       83%         4
 Summon Lightning Spire   Summ/Air       11%        N/A       83%         4


Dungeon Overview and Level Annotations

Branches:
Dungeon (4/15)
 Temple: D:4-7

Altars:

Shops:
D:1 !


Innate Abilities, Weirdness & Mutations

You are amphibious.
You cover ground slowly.
You can hop short distances.
You have an extended range of vision and can be seen from far away.


Message History

The orc wizard hits you but does no damage.
Your hound closely misses the orc.
An orc comes into view. It is wielding a +0 flail.
Your white imp hits the orc.
Your white imp freezes the orc.
The orc dies!
The orc shouts!
You hit the orc wizard.
The orc wizard is heavily wounded.
Your hound barely misses something.
You hear some strange, mumbled words.
Something tries to affect you, but you resist.
The orc wizard barely misses you.
Your white imp closely misses the orc priest.
Your crimson imp hits the orc wizard.
Your hound bites something but does no damage.
You hit the orc wizard but do no damage.
The orc wizard is heavily wounded.
You hear some strange, mumbled words.
A puff of flame appears from out of thin air!
The puff of flame hits you.
Your hound bites something.
The orc priest hits you but does no damage.
The orc wizard gestures at you while chanting.
The magic dart hits you.
Your white imp closely misses the orc priest.
Your crimson imp hits the orc wizard.
Something hits you but does no damage.
You closely miss the orc wizard.
The orc wizard is severely wounded.
Your hound bites something.
The orc priest calls down the wrath of Beogh upon you.
Beogh smites you!
The orc wizard gestures at you while chanting.
The puff of flame hits you.
* * * LOW HITPOINT WARNING * * *
Your white imp closely misses the orc priest.
Your hound bites something.
Your crimson imp closely misses the orc wizard.
You hear some strange, mumbled words.
A puff of flame appears from out of thin air!
The puff of flame hits you!
You die...

......#≈ ....... #.....#
..o...#####
#####.........
##..#.......( .#
#...?......###.. ..
###...o{o5...... ..
#.#..5h@........ .#
#.##..........##.[. ..
..............## .
#..............####....#
..
##.........#.#.........
#..
###......####........
...#
#.......#.........##...#
#.................#.....
##.#....####.###).......


You could see an orc priest (ally target), an orc wizard (ally target), an orc,
a friendly hound (summoned), a friendly crimson imp (summoned) and a friendly
white imp (summoned).

Vanquished Creatures
  2 endoplasms
  A giant cockroach (D:1)
  11 goblins
  2 hobgoblins
  3 kobolds
  4 ball pythons
  3 bats
  A frilled lizard (D:1)
  4 rats
31 creatures vanquished.

Vanquished Creatures (collateral kills)
  An ogre (D:4)
  An adder (D:3)
  3 gnolls (D:3)
  An adder skeleton (D:4)
  A dart slug (D:3)
  3 orcs (D:4)
  3 bats
  2 endoplasms
  8 goblins
  5 hobgoblins
  2 jackals (D:1)
  6 kobolds
  A quokka (D:1)
  3 ball pythons
  A frilled lizard (D:1)
  2 rats (D:1)
43 creatures vanquished.

Grand Total: 74 creatures vanquished

Notes
Turn   | Place    | Note
-------+----------+-------------------------------------------
     0 | D:1      | tilp the Barachi Summoner began the quest for the Orb.
     0 | D:1      | Reached XP level 1. HP: 13/13 MP: 3/3
    85 | D:1      | Reached skill level 1 in Fighting
   152 | D:1      | Found Simi's Distillery.
   179 | D:1      | Reached XP level 2. HP: 14/22 MP: 1/5
   183 | D:1      | Learned a level 2 spell: Call Imp
   555 | D:1      | Reached skill level 5 in Summonings
  1408 | D:1      | Found a faded altar of an unknown god.
  1473 | D:2      | Reached XP level 3. HP: 27/27 MP: 1/6
  1524 | D:2      | Learned a level 3 spell: Call Canine Familiar
  2995 | D:3      | Reached XP level 4. HP: 18/33 MP: 1/8
  3462 | D:3      | Reached skill level 6 in Summonings
  3738 | D:1      | Bought a potion of heal wounds for 60 gold pieces
  3738 | D:1      | Bought a potion of lignification for 36 gold pieces
  3738 | D:1      | Bought a potion of curing for 36 gold pieces
  3738 | D:1      | Bought a potion of heal wounds for 60 gold pieces
  3920 | D:4      | Noticed an ogre
  3939 | D:4      | Killed an ogre
  3940 | D:4      | Reached XP level 5. HP: 20/39 MP: 3/9
  4411 | D:4      | Killed from afar by an orc wizard

Illustrated notes

Levels and vault maps discovered:
D:1:      evilmike_arrival_plus, layout_loops_ring,
          shapermc_ecumenical_altar_hornbeckon, serial_shops,
          nicolae_shop_crystal, minmay_misc_feat_encased, minmay_pentomino_q4
D:2:      layout_basic
D:3:      layout_basic, serial_rivers, chequers_serial_rivers_marsh,
          chequers_serial_rivers_small_b, chequers_serial_rivers_marsh,
          chequers_serial_rivers_marsh, chequers_serial_rivers_marsh,
          chequers_serial_rivers_small_a, hangedman_decor_lopped
D:4:      layout_cave_pools, minmay_temple_entry_metal_lava,
          minmay_ogre_servants

Skill      XL: |  1  2  3  4 |
---------------+-------------+-----
Fighting       | 1 2 |  2.6
Summonings     | 5 6 |  6.0
Spellcasting   | 3 |  3.0
Stealth        | 2 |  2.3
Dodging        | |  2.7

Action                   |  1- 3 |  4- 6 || total
-------------------------+-------+-------++-------
Melee: Short sword       |    63 |       ||    63
       Unarmed           |     5 |       ||     5
       Spear             |    28 |    56 ||    84
 Cast: Summon Small Mamm |    24 |       ||    24
       Call Imp          |    37 |    16 ||    53
       Call Canine Famil |     2 |     8 ||    10
  Use: Scroll            |     6 |     2 ||     8
 Stab: Distracted        |     1 |       ||     1
       Sleeping          |     5 |     1 ||     6
Armor: Robe              |    45 |     7 ||    52
       Ring mail         |       |    15 ||    15
Dodge: Dodged            |    86 |    20 ||   106

Table legend: (Time is in decaauts)
 A = Elapsed time spent in this place.
 B = Non-inter-level travel time spent in this place.
 C = Inter-level travel time spent in this place.
 D = Time resting spent in this place.
 E = Time spent auto-exploring this place.
 F = Levels seen in this place.
 G = Mean time per level.
                   A        B        C        D        E       F      G
               +--------+--------+--------+--------+--------+-----+--------+
         Total |   4824 |   4626 |    198 |    590 |   3380 |   4 | 1206.0 |
       Dungeon |   4824 |   4626 |    198 |    590 |   3380 |   4 | 1206.0 |
               +--------+--------+--------+--------+--------+-----+--------+

Top non-repeatable levels by time:
     D:1: 1603 daAuts
     D:2: 1400 daAuts
     D:3: 1154 daAuts
     D:4: 666 daAuts
